 Dungeon Crawl Stone Soup version 0.30-a0-808-g6e0788376e (webtiles) character file.

Game seed: 4561251169360805923

320 bande the Covered (level 6, -5/38 HPs)
             Began as a Gargoyle Fighter on Feb 26, 2023.
             Splashed by a jelly's acid (6 damage)
             ... on level 4 of the Dungeon.
             The game lasted 00:05:43 (3594 turns).

bande the Covered (Gargoyle Fighter)                Turns: 3594, Time: 00:05:44

Health: -5/38      AC: 13    Str: 19    XL:     6   Next: 46%
Magic:  6/6        EV:  5    Int:  9    God:
Gold:   182        SH:  4    Dex: 11    Spells: 5/5 levels left

rFire   . . .      SeeInvis .    a - +0 war axe
rCold   . . .      Faith    .    c - +0 buckler
rNeg    + . .      Spirit   .    h - +0 plate armour
rPois   ∞          Reflect  .    (no helmet)
rElec   +          Harm     .    (no cloak)
rCorr   .          Rampage  .    e - +1 pair of gloves
Will    .....                    r - +1 pair of boots Stlth
                                 (no amulet)
HPRegen 0.26/turn                (no ring)
MPRegen 0.10/turn                (no ring)

@: corroded
A: sickness immunity, AC +4, negative energy resistance 1, electricity
resistance, torment resistance 1, petrification resistance
a: no special abilities


You were on level 4 of the Dungeon.
You visited 1 branch of the dungeon, and saw 4 of its levels.

You collected 182 gold pieces.

Inventory:

Hand Weapons
 a - a +0 war axe (weapon)
 p - a +0 flail
Armour
 c - a +0 buckler (worn)
 e - a +1 pair of gloves (worn)
 h - a +0 plate armour (worn)
 m - a +1 leather armour of fire resistance
 r - a +1 pair of boots (worn)
Scrolls
 g - 2 scrolls of enchant armour
 i - a scroll of teleportation
 j - a scroll of poison
 l - 2 scrolls of magic mapping
 t - a scroll of fog
 u - a scroll of enchant weapon {unknown}
Potions
 d - 3 potions of might
 f - 2 potions of mutation
 k - a potion of magic
 n - a potion of haste {unknown}
 o - a potion of curing {unknown}
 q - a potion of ambrosia {unknown}
 s - a potion of flight {unknown}


   Skills:
 + Level 4.2 Fighting
 + Level 4.2 Axes
 + Level 4.9 Armour
 + Level 4.1 Shields


You had 5 spell levels left.
You didn't know any spells.
Your spell library contained the following spells:

 Spells                   Type           Power      Damage    Failure   Level
 Blink                    Tloc           0%         N/A       100%        2
 Manifold Assault         Tloc           0%         N/A       100%        4
 Storm Form               Tmut/Air       0%         N/A       100%        7


Dungeon Overview and Level Annotations

Branches:
Dungeon (4/15)
 Temple: D:4-7

Altars:

Shops:
D:1 ?

Annotations:
D:4 2 transporters, cforsyth's ghost, amateur KoBr


Innate Abilities, Weirdness & Mutations

You are immune to sickness and miasma.
Your stone body is resilient. (AC +4)
You are immune to poison.
You resist negative energy. (rN+)
You are resistant to electric shocks. (rElec)
You are resistant to unholy torment.
You are immune to petrification.


Message History

You continue taking off your +0 scale mail. x4
You finish taking off your +0 scale mail.
You start putting on your armour.
You continue putting on your +0 plate armour. x5
You finish putting on your +0 plate armour.
You drop a +0 scale mail.
Your hearing returns.
You see here a +0 scale mail.
The kobold shouts!
The steam dragon hisses angrily.
There is a transporter landing site here.
A jelly comes into view.
The jelly quivers.
The jelly closely misses you.
You hit the jelly. The acid corrodes you!
Your hands burn!
The jelly is moderately wounded.
The jelly hits you.
You are splashed with acid!
You hit the jelly but do no damage.
Your hands burn!
The jelly is moderately wounded.
You block the jelly's attack.
You hit the jelly but do no damage.
Your hands burn!
The jelly is moderately wounded.
You block the jelly's attack. The jelly hits you but does no damage.
You hit the jelly but do no damage.
Your hands burn!
The jelly is moderately wounded.
The jelly hits you. The acid corrodes you!
You are splashed with acid!
* * * LOW HITPOINT WARNING * * *
You are too injured to fight recklessly!
You are too injured to fight recklessly!
You hit the jelly.
Your hands burn!
* * * LOW HITPOINT WARNING * * *
The jelly is moderately wounded.
The jelly hits you but does no damage.
You hit the jelly but do no damage.
Your hands burn!
* * * LOW HITPOINT WARNING * * *
The jelly is moderately wounded.
The jelly hits you but does no damage. The jelly hits you.
* * * LOW HITPOINT WARNING * * *
You are splashed with acid.
You die...

..# #..# #..# ...# ###..# #..#
..##....# .#...# #..# #>.......#
.....####..## ##...... ...
......##....####.....# ..#
.......#............^# ..#####
....................# ......
..........<.....J...# ##.....
......#.........@..# ##...##.
.......#...........## ###....#..
.......#...###......####.........
.......##.##...................#.
......##†)#...............##..###
......##..#...#########...#..## #
..........#..##DSKJ..©##..#.##
..........#..#8W#...#.8#....#
..........#..#.J.#.#...#...##


You could see a steam dragon, a jelly, cforsyth's ghost, an adder, an endoplasm
and a kobold.

Vanquished Creatures
  An ogre (D:4)
  An orc priest (D:3)
  A hound (D:4)
  Jessica (D:3)
  7 adders
  2 worms (D:2)
  A dart slug (D:2)
  2 orcs (D:3)
  7 bats
  10 endoplasms
  5 giant cockroaches
  9 goblins
  6 hobgoblins
  2 jackals (D:3)
  3 quokkas (D:1)
  12 ball pythons
  3 frilled lizards
  5 kobolds
  5 rats
83 creatures vanquished.

Vanquished Creatures (others)
  6 fungi (D:3)
  7 plants (D:3)
13 creatures vanquished.

Grand Total: 96 creatures vanquished

Notes
Turn   | Place    | Note
-------+----------+-------------------------------------------
     0 | D:1      | bande the Gargoyle Fighter began the quest for the Orb.
     0 | D:1      | Reached XP level 1. HP: 14/14 MP: 1/1
   275 | D:1      | Reached XP level 2. HP: 18/19 MP: 2/2
   808 | D:1      | Found Boutruc's Magic Scroll Shop.
  1230 | D:2      | Reached XP level 3. HP: 22/23 MP: 3/3
  1821 | D:3      | Reached XP level 4. HP: 27/28 MP: 4/4
  1842 | D:3      | Noticed Jessica
  1862 | D:3      | Killed Jessica
  1885 | D:3      | Found a faded altar of an unknown god.
  2095 | D:3      | Reached XP level 5. HP: 33/33 MP: 5/5
  3064 | D:4      | Reached XP level 6. HP: 32/38 MP: 6/6
  3374 | D:4      | Found a transporter.
  3374 | D:4      | Found a transporter.
  3377 | D:4      | Noticed cforsyth's ghost (amateur KoBr)
  3377 | D:4      | Noticed a steam dragon
  3594 | D:4      | HP: 1/38 [jelly (1)]
  3594 | D:4      | Splashed by a jelly's acid

Illustrated notes

Levels and vault maps discovered:
D:1:      matt_arrival_los_fun, layout_loops_corners, serial_shops,
          nicolae_shop_trees, roderic_roman_lattice, serial_park_tiny_1
D:2:      layout_rooms
D:3:      layout_loops_ring, shapermc_ecumenical_altar_mp_urbaneastern,
          minmay_snake_closets, uniq_jessica
D:4:      layout_layer_cave, lemuel_mausoleum_altar_kikubaaqudgha,
          gammafunk_ghost_arena

Skill      XL: |  1  2  3  4  5  6 |
---------------+-------------------+-----
Axes           | 2 3 4 |  4.2
Armour         | 4 |  4.9
Fighting       | 4 |  4.2
Shields        | 4 |  4.1

Action                     |  1- 3 |  4- 6 || total
---------------------------+-------+-------++-------
  Melee: War axe           |   115 |   165 ||   280
    Use: Scroll            |     9 |     7 ||    16
 Armour: Scale mail        |    67 |    72 ||   139
         Plate armour      |       |     3 ||     3
  Dodge: Dodged            |    66 |    95 ||   161
  Block: Buckler           |    22 |    45 ||    67

Table legend: (Time is in decaauts)
 A = Elapsed time spent in this place.
 B = Non-inter-level travel time spent in this place.
 C = Inter-level travel time spent in this place.
 D = Time resting spent in this place.
 E = Time spent auto-exploring this place.
 F = Levels seen in this place.
 G = Mean time per level.
                   A        B        C        D        E       F      G
               +--------+--------+--------+--------+--------+-----+--------+
         Total |   3706 |   3676 |     30 |    289 |   2537 |   4 |  926.5 |
       Dungeon |   3706 |   3676 |     30 |    289 |   2537 |   4 |  926.5 |
               +--------+--------+--------+--------+--------+-----+--------+

Top non-repeatable levels by time:
     D:1: 1182 daAuts
     D:3: 1176 daAuts
     D:4: 792 daAuts
     D:2: 554 daAuts
